Workbook

Sheet CONSOLIDADA
B3: SECRETARIA DISTRITAL DE LA MUJER _x000D_
B4: ANEXO OFERTA ECONÓMICA
B6: Objeto: Prestar los servicios de de alimentación, hospedaje y servicios básicos, en el modelo intermedio para la atención a mujeres víctimas de violencia y sus personas a cargo.
B7: NOMBRE PERSONA JURÍDICA Ó NATURAL:
B8: No. IDENTIFICACIÓN:
B9: DIRECCIÓN:
B10: TELÉFONO:
B11: E-MAIL:
B12: PAGINA WEB:
B13: VIGENCIA DE LA PROPUESTA:
B14: ESPECIFICACIONES DE SERVICIO
B15: A. RECURSO HUMANO | C15: CANTIDAD | D15: COSTO UNITARIO MÁXIMO | E15: COSTO UNITARIO OFERTADO | F15: COSTO UNITARIO REDONDEADO | G15: TOTAL
B16: Coordinadora | C16: 1 | D16: 6859400 | F16: =ROUND(E16,0) -> 0 | G16: =ROUND((F16*C16),0) -> 0
B17: Apoyo administrativo, operativo y logístico. | C17: 4 | D17: 3663500 | F17: =ROUND(E17,0) -> 0 | G17: =ROUND((F17*C17),0) -> 0
B18: Pedagoga | C18: 1 | D18: 4500000 | F18: =ROUND(E18,0) -> 0 | G18: =ROUND((F18*C18),0) -> 0
B19: TOTAL ESTIMADO RECURSO HUMANO MES | C19: =SUM(C16:C18) -> 6 | G19: =SUM(G16:G18) -> 0
B20: B. SERVICIO DE ALOJAMIENTO | C20: CANTIDAD | D20: COSTO UNITARIO MÁXIMO | E20: COSTO UNITARIO OFERTADO | F20: COSTO UNITARIO REDONDEADO | G20: TOTAL
B21: Alojamiento (Incluye inmueble, servicios públicos y dotación, aseo general y lavanderia) | C21: 1 | D21: 53557100 | F21: =ROUND(E21,0) -> 0 | G21: =F21 -> 0
B22: C. VIGILANCIA 24 HORAS | C22: CANTIDAD | D22: COSTO UNITARIO MÁXIMO | E22: COSTO UNITARIO OFERTADO | F22: COSTO UNITARIO REDONDEADO | G22: TOTAL
B23: RECURSO HUMANO SIN ARMA (24 HORAS) | C23: 1 | D23: 14571700 | F23: =ROUND(E23,0) -> 0 | G23: =ROUND((F23*C23),0) -> 0
B24: 8 CÁMARAS (Incluidos elementos de instalación, funcionamiento y programacion) | C24: 1 | D24: 998500 | F24: =ROUND(E24,0) -> 0 | G24: =ROUND((F24*C24),0) -> 0
B25: EQUIPO CON CAPACIDAD DE GRABACIÓN Y COPIAS DE SEGURIDAD | C25: 1 | D25: 866100 | F25: =ROUND(E25,0) -> 0 | G25: =ROUND((F25*C25),0) -> 0
B26: BOTON DE PANICO CON SIRENA | C26: 1 | D26: 299900 | F26: =ROUND(E26,0) -> 0 | G26: =ROUND((F26*C26),0) -> 0
B27: VALOR VIGILANCIA MES | G27: =+SUM(G23:G26) -> 0
B28: D. ALIMENTARIA (VER NOTA 3) | C28: CANTIDAD | D28: DESCRIPCIÓN | E28: COSTO UNITARIO MÁXIMO | F28: COSTO UNITARIO REDONDEADO | G28: TOTAL
B29: 0 a 5 meses | C29: 1 | D29: Desayuno, almuerzo, cena y 2 refrigerios | E29: =ROUNDUP(SUM(D58:F58)+(G58*2),-2) -> 36900 | F29: =ROUNDUP(SUM(H58:J58)+(K58*2),-2) -> 0 | G29: =+ROUND((F29*C29),0) -> 0
B30: 6 a 8 meses | C30: 1 | D30: Desayuno, almuerzo, cena y 2 refrigerios | E30: =ROUNDUP(SUM(D59:F59)+(G59*2),-2) -> 37500 | F30: =ROUNDUP(SUM(H59:J59)+(K59*2),-2) -> 0 | G30: =+ROUND((F30*C30),0) -> 0
B31: 9 a 11 meses | C31: 1 | D31: Desayuno, almuerzo, cena y 2 refrigerios | E31: =ROUNDUP(SUM(D60:F60)+(G60*2),-2) -> 37500 | F31: =ROUNDUP(SUM(H60:J60)+(K60*2),-2) -> 0 | G31: =+ROUND((F31*C31),0) -> 0
B32: 1 a 3 años y 11 meses | C32: 1 | D32: Desayuno, almuerzo, cena y 2 refrigerios | E32: =ROUNDUP(SUM(D61:F61)+(G61*2),-2) -> 37900 | F32: =ROUNDUP(SUM(H61:J61)+(K61*2),-2) -> 0 | G32: =+ROUND((F32*C32),0) -> 0
B33: 4 a 6 años y 11 meses | C33: 1 | D33: Desayuno, almuerzo, cena y 2 refrigerios | E33: =ROUNDUP(SUM(D62:F62)+(G62*2),-2) -> 37900 | F33: =ROUNDUP(SUM(H62:J62)+(K62*2),-2) -> 0 | G33: =+ROUND((F33*C33),0) -> 0
B34: 7 a 12 años y 11 meses | C34: 1 | D34: Desayuno, almuerzo, cena y 2 refrigerios | E34: =ROUNDUP(SUM(D63:F63)+(G63*2),-2) -> 38300 | F34: =ROUNDUP(SUM(H63:J63)+(K63*2),-2) -> 0 | G34: =+ROUND((F34*C34),0) -> 0
B35: 13 a 17 años, y 11 meses | C35: 1 | D35: Desayuno, almuerzo, cena y 2 refrigerios | E35: =ROUNDUP(SUM(D64:F64)+(G64*2),-2) -> 47400 | F35: =ROUNDUP(SUM(H64:J64)+(K64*2),-2) -> 0 | G35: =+ROUND((F35*C35),0) -> 0
B36: 18 a 59 años y 11 meses | C36: 1 | D36: Desayuno, almuerzo, cena y 2 refrigerios | E36: =ROUNDUP(SUM(D65:F65)+(G65*2),-2) -> 47400 | F36: =ROUNDUP(SUM(H65:J65)+(K65*2),-2) -> 0 | G36: =+ROUND((F36*C36),0) -> 0 | R36: 33
B37: 60 años y más | C37: 1 | D37: Desayuno, almuerzo, cena y 2 refrigerios | E37: =ROUNDUP(SUM(D66:F66)+(G66*2),-2) -> 47400 | F37: =ROUNDUP(SUM(H66:J66)+(K66*2),-2) -> 0 | G37: =+ROUND((F37*C37),0) -> 0 | P37: 0.13247863 | R37: 1.1850832
B38: Gestantes Adultas | C38: 1 | D38: Desayuno, almuerzo, cena y 2 refrigerios | E38: =ROUNDUP(SUM(D67:F67)+(G67*2),-2) -> 47400 | F38: =ROUNDUP(SUM(H67:J67)+(K67*2),-2) -> 0 | G38: =+ROUND((F38*C38),0) -> 0 | P38: 0.27777778 | R38: 0.32824171
B39: Lactantes Adultas | C39: 1 | D39: Desayuno, almuerzo, cena y 2 refrigerios | E39: =ROUNDUP(SUM(D68:F68)+(G68*2),-2) -> 47400 | F39: =ROUNDUP(SUM(H68:J68)+(K68*2),-2) -> 0 | G39: =+ROUND((F39*C39),0) -> 0 | P39: 0.064102564 | R39: 2.8345421
B40: TOTAL ESTIMADO ASISTENCIA ALIMENTARIA MES | G40: =ROUNDUP((G30*(33*P37))+(G31*(33*P38))+(G32*(33*P39)+(G39*(33*P40)))*33,-2) -> 0 | P40: 0.52564103 | R40: 0.52266116
B41: E. TRANSPORTE | C41: CANTIDAD | D41: COSTO UNITARIO MÁXIMO | E41: COSTO UNITARIO OFERTADO | F41: COSTO UNITARIO REDONDEADO | G41: TOTAL
B42: Transporte público a demanda (estimar valor mes) | C42: 1 | D42: 2585600 | F42: =ROUND(E42,0) -> 0 | G42: =F42 -> 0
B43: F. KITS DE HIGIENE Y ASEO PERSONAL (SEGÚN ANEXO TÉCNICO) (VER NOTA 3 Y 4) | C43: CANTIDAD | D43: COSTO KIT MÁXIMO | E43: COSTO KIT REDONDEADO | G43: TOTAL
B44: Kit 1. Niños y niñas de cero (0) a veintitrés (23) meses | C44: 1 | D44: 76143 | E44: =+'1. KITS DE ASEO E HIGIENE'!G9 -> 0 | G44: =E44 -> 0
B45: Kit 2. Niños y niñas de dos (2) a nueve (9 años | C45: 1 | D45: 72110 | E45: =+'1. KITS DE ASEO E HIGIENE'!G16 -> 0 | G45: =E45 -> 0
B46: Kit 3. Niñas / Mujeres entre 10 y 17 años o mujer desde los 18 años en adelante | C46: 1 | D46: 95616 | E46: =+'1. KITS DE ASEO E HIGIENE'!G25 -> 0 | G46: =E46 -> 0
B47: Kit 4. Niños / Hombres entre 10 y 17 años. | C47: 1 | D47: 81845 | E47: =+'1. KITS DE ASEO E HIGIENE'!G35 -> 0 | G47: =E47 -> 0
B48: TOTAL ESTIMADO MES KITS HIGIENE SEGÚN CANTIDADES UNITARIAS ANEXO TÉCNICO | C48: Detalle Hoja de Cálculo: 2. Kits de Aseo e Higiene por demanda x 1,19 veces (Factor de ejecución mes) | G48: =ROUND((G44*(33*$P$37))+(G45*(33*$P$38))+(G46*(33*$P$39)+(G47*(33*$P$40))),0)*$R$37 -> 0
B49: ELEMENTOS HIGIENE A DEMANDA ESTIMADO MES | C49: Detalle Hoja de Cálculo: 3. Elementos Higiene por demanda | G49: ='2. HIGIENTE Y ASEO A DEMANDA'!H32 -> 0
B50: VESTUARIO ESTIMADO MES | C50: Detalle Hoja de Cálculo: 4. Vestuario x 2,8 veces (Factor de ejecución mes) | G50: =ROUNDUP('3. VESTUARIO A DEMANDA'!H22*R39,-1) -> 0
B51: GESTÓN DOCUMENTAL | C51: Detalle Hoja de Cálculo: 5. Gestión dcomental | G51: =+'5. GESTIÓN DOCUMENTAL'!H12 -> 0
B52: VALOR TOTAL FUNCIONAMIENTO ESTIMADO MES PARA LA CASA REFUGIO MODALIDAD INTERMEDIO (Incluido todos los impuestos, tasas, contribuciones de carácter nacional legales en que pueda incurrir el futuro contratista para la ejecución del contrato) | G52: =+G19+G21+G27+G40+G42+G48+G49+G50+G51 -> 0
B56: DETALLE DEL VALOR DE ASISTENCIA ALIMENTARIA POR RANGO DE EDAD POR TIEMPOS DE ALIMENTACIÓN EN CASO QUE SE REQUIERA SEGÚN DEMANDA
B57: ASISTENCIA ALIMENTARIA| | C57: CANTIDAD | D57: Desayuno COSTO UNITARIO MÁXIMO | E57: Almuerzo COSTO UNITARIO MÁXIMO | F57: Cena COSTO UNITARIO MÁXIMO | G57: Refrigerio COSTO UNITARIO MÁXIMO | H57: Desayuno COSTO UNITARIO OFERTADO | I57: Almuerzo COSTO UNITARIO OFERTADO | J57: Cena COSTO UNITARIO OFERTADO | K57: Refrigerio COSTO UNITARIO OFERTADO | L57: Desayuno COSTO UNITARIO REDONDEADO | M57: Almuerzo COSTO UNITARIO REDONDEADO | N57: Cena COSTO UNITARIO REDONDEADO | O57: Refrigerio COSTO UNITARIO REDONDEADO
B58: 0 a 5 meses | C58: 1 | D58: 6900 | E58: 10400 | F58: 10200 | G58: 4700 | L58: =ROUND(H58,0) -> 0 | M58: =ROUND(I58,0) -> 0 | N58: =ROUND(J58,0) -> 0 | O58: =ROUND(K58,0) -> 0
B59: 6 a 8 meses | C59: 1 | D59: 6900 | E59: 10400 | F59: 10200 | G59: 5000 | L59: =ROUND(H59,0) -> 0 | M59: =ROUND(I59,0) -> 0 | N59: =ROUND(J59,0) -> 0 | O59: =ROUND(K59,0) -> 0
B60: 9 a 11 meses | C60: 1 | D60: 6900 | E60: 10400 | F60: 10200 | G60: 5000 | L60: =ROUND(H60,0) -> 0 | M60: =ROUND(I60,0) -> 0 | N60: =ROUND(J60,0) -> 0 | O60: =ROUND(K60,0) -> 0
B61: 1 a 3 años y 11 meses | C61: 1 | D61: 6900 | E61: 10400 | F61: 10200 | G61: 5200 | L61: =ROUND(H61,0) -> 0 | M61: =ROUND(I61,0) -> 0 | N61: =ROUND(J61,0) -> 0 | O61: =ROUND(K61,0) -> 0
B62: 4 a 6 años y 11 meses | C62: 1 | D62: 6900 | E62: 10400 | F62: 10200 | G62: 5200 | L62: =ROUND(H62,0) -> 0 | M62: =ROUND(I62,0) -> 0 | N62: =ROUND(J62,0) -> 0 | O62: =ROUND(K62,0) -> 0
B63: 7 a 12 años y 11 meses | C63: 1 | D63: 6900 | E63: 10400 | F63: 10200 | G63: 5400 | L63: =ROUND(H63,0) -> 0 | M63: =ROUND(I63,0) -> 0 | N63: =ROUND(J63,0) -> 0 | O63: =ROUND(K63,0) -> 0
B64: 13 a 17 años, y 11 meses | C64: 1 | D64: 8500 | E64: 12900 | F64: 12800 | G64: 6600 | L64: =ROUND(H64,0) -> 0 | M64: =ROUND(I64,0) -> 0 | N64: =ROUND(J64,0) -> 0 | O64: =ROUND(K64,0) -> 0
B65: 18 a 59 años y 11 meses | C65: 1 | D65: 8500 | E65: 12900 | F65: 12800 | G65: 6600 | L65: =ROUND(H65,0) -> 0 | M65: =ROUND(I65,0) -> 0 | N65: =ROUND(J65,0) -> 0 | O65: =ROUND(K65,0) -> 0
B66: 60 años y más | C66: 1 | D66: 8500 | E66: 12900 | F66: 12800 | G66: 6600 | L66: =ROUND(H66,0) -> 0 | M66: =ROUND(I66,0) -> 0 | N66: =ROUND(J66,0) -> 0 | O66: =ROUND(K66,0) -> 0
B67: Gestantes Adultas | C67: 1 | D67: 8500 | E67: 12900 | F67: 12800 | G67: 6600 | L67: =ROUND(H67,0) -> 0 | M67: =ROUND(I67,0) -> 0 | N67: =ROUND(J67,0) -> 0 | O67: =ROUND(K67,0) -> 0
B68: Lactantes Adultas | C68: 1 | D68: 8500 | E68: 12900 | F68: 12800 | G68: 6600 | L68: =ROUND(H68,0) -> 0 | M68: =ROUND(I68,0) -> 0 | N68: =ROUND(J68,0) -> 0 | O68: =ROUND(K68,0) -> 0
B71: NOTAS:
B73: 1. Todos y cada uno de los ítems ofertados, deben cumplir los requerimientos del Anexo Técnico del proceso y la normatividad vigente sobre el tema.
B74: 2. La presente Propuesta Económica estima el VALOR TOTAL FUNCIONAMIENTO ESTIMADO MES PARA LA CASA REFUGIO MODALIDAD INTERMEDIO (incluido IVA, cuando a ello hubiere lugar y demás impuestos, tasas, contribuciones, de carácter nacional y distrital, legales a que haya lugar, en que pueda incurrir el futuro contratista para la ejecución del contrato), por cada uno de los proponentes habilitados (Anexo de Oferta Económica), que corresponde a la sumatoria, del COSTO UNITARIO OFERTADO, de todos los ítems). Para tal efecto, deben tenerse en cuenta las reglas establecidas en el numeral 5.6., de los Estudios Previos del presente proceso.
B75: 3. Para la estimación mensual de los rubros Asistencia Alimentaria y Kits de Higiene y aseo personal, se tienen en cuenta los porcentajes de ocupación de la Casa Refugio (30 personas), por rango de edad mencionados en el romanillo iv, subnumeral 1., numeral 5 del Análisis de Sector. Se toma el máximo número de ocupación de una Casa Refugio para los 30 días del mes.
B76: 4. Los Kits de aseo e higiene, incluyen todos los items descritos en el numeral 5.3.1. del Anexo Técnico, Composición de los Kits de Aseo e Higiene Personal, por rangos de edad, por lo cual el proponente deberá diligenciar el COSTO UNITARIO OFERTADO, en la hoja de cálculo "2. KITS DE ASEO E HIGIENE", sin que la sumatoria de estos exceda el COSTO KIT MÁXIMO, definido por la entidad.
B77: 5. Se solicita diligenciar en la hoja de cálculo "4. Dotación", los valores unitarios de los elementos de dotación (bienes y enseres) descritos en cada una de las de las áreas y/o espacios de atención del Anexo Técnico en el numeral 4.2.2.2, a efectos de realizar los descuentos o disminuciones al reconocimiento del valor mensual del servicio de Alojamiento, en caso que alguno de los elementos no se encuentren disponibles, en óptimas condiciones, a disposición exclusiva de la operación de la casa refugio y que cumplan con las especificaciones descritas.
B78: 6. Para diligenciar el presente Anexo tenga en cuenta que debe verificarse de manera cuidadosa cada ítem e incluir el valor correspondiente sin sobrepasar el tope definido en el análisis de mercado para cada valor unitario a ofertar.

Sheet 1. KITS DE ASEO E HIGIENE
C3: SECRETARIA DISTRITAL DE LA MUJER
C4: ANEXO OFERTA ECONÓMICA - HOJA 1. KITS DE ASEO E HIGIENE
B7: Elementos Entregables por Demanda
B8: KIT | C8: ELEMENTO | D8: PRESENTACIÓN | E8: CANTIDAD | F8: COSTO KIT MÁXIMO | G8: COSTO KIT REDONDEADO | H8: COSTO UNITARIO MÁXIMO | I8: COSTO UNITARIO OFERTADO | J8: COSTO UNITARIO REDONDEADO | K8: Subtotal
C9: SHAMPOO PARA BEBÉ | D9: 100 ml | E9: 1 | F9: 76143 | G9: =ROUND(SUM(K9:K15),0) -> 0 | H9: 14991 | J9: =ROUND(I9,0) -> 0 | K9: =+J9*E9 -> 0
C10: BARRA DE JABÓN PARA BAÑO | D10: Entre 120grs y 130 grs | E10: 1 | H10: 8153 | J10: =ROUND(I10,0) -> 0 | K10: =+J10*E10 -> 0
B11: Kit 1 - 0 a 23 meses | C11: CREMA ANTIPAÑALITIS | D11: 50 grs | E11: 1 | H11: 19858 | J11: =ROUND(I11,0) -> 0 | K11: =+J11*E11 -> 0
C12: PAQUETE TOALLAS HÚMEDAS | D12: Paq. 100 unidades | E12: 1 | H12: 14681 | J12: =ROUND(I12,0) -> 0 | K12: =+J12*E12 -> 0
C13: PEINILLA PARA BEBE | D13: Unidad | E13: 1 | H13: 5132 | J13: =ROUND(I13,0) -> 0 | K13: =+J13*E13 -> 0
C14: CEPILLO DE DIENTES PARA BEBÉS | D14: Unidad | E14: 1 | H14: 5004 | J14: =ROUND(I14,0) -> 0 | K14: =+J14*E14 -> 0
C15: CREMA DENTAL KIDS SIN FLUOR, NI COLORANTES, NI CONSERVANTES (NIÑAS-OS DE 0 A 2 AÑOS) | D15: Unidad x 70 a 100 gramos | E15: 1 | H15: 8324 | J15: =ROUND(I15,0) -> 0 | K15: =+J15*E15 -> 0
C16: SHAMPOO | D16: 100 ml | E16: 1 | F16: 72110 | G16: =ROUND(SUM(K16:K24),0) -> 0 | H16: 16026 | J16: =ROUND(I16,0) -> 0 | K16: =+J16*E16 -> 0
C17: ACONDICIONADOR | D17: 100 ml | E17: 1 | H17: 12560 | J17: =ROUND(I17,0) -> 0 | K17: =+J17*E17 -> 0
C18: BARRA DE JABÓN PARA BAÑO | D18: Entre 120grs y 130 grs | E18: 1 | H18: 7057 | J18: =ROUND(I18,0) -> 0 | K18: =+J18*E18 -> 0
B19: Kit 2 - Niños y niñas 2 a 9 años | C19: CEPILLO DE DIENTES PARA NIÑA (O) DE 2 A 5 AÑOS | D19: Unidad | E19: 1 | H19: 4847 | J19: =ROUND(I19,0) -> 0 | K19: =+J19*E19 -> 0
C20: CREMA DENTAL CON FLUOR | D20: Unidad x 70 a 100 gramos | E20: 1 | H20: 9662 | J20: =ROUND(I20,0) -> 0 | K20: =+J20*E20 -> 0
C21: CREMA DENTAL NIÑO (A) MAYORES DE 5 AÑOS | D21: Unidad | E21: 1 | H21: 8523 | J21: =ROUND(I21,0) -> 0 | K21: =+J21*E21 -> 0
C22: ROLLO DE PAPEL HIGIÉNICO | D22: Hoja doble x 36 A 40 mts | E22: 1 | H22: 4310 | J22: =ROUND(I22,0) -> 0 | K22: =+J22*E22 -> 0
C23: PEINILLA GRANDE PARA EL CABELLO | D23: Unidad | E23: 1 | H23: 4334 | J23: =ROUND(I23,0) -> 0 | K23: =+J23*E23 -> 0
C24: MASCARILLA DESECHABLE FABRICADO CON TEJIDO DE POLIPROPILENO 3 CAPAS, CON GOMA PARA SUJETAR DETRÁS DE LA OREJA. | D24: Unidad | E24: 3 | H24: 1597 | J24: =ROUND(I24,0) -> 0 | K24: =+J24*E24 -> 0
C25: SHAMPOO | D25: 100 ml | E25: 1 | F25: 95616 | G25: =ROUND(SUM(K25:K34),0) -> 0 | H25: 16026 | J25: =ROUND(I25,0) -> 0 | K25: =+J25*E25 -> 0
C26: ACONDICIONADOR | D26: 100 ml | E26: 1 | H26: 12560 | J26: =ROUND(I26,0) -> 0 | K26: =+J26*E26 -> 0
C27: BARRA DE JABÓN PARA BAÑO | D27: Entre 120grs y 130 grs | E27: 1 | H27: 7057 | J27: =ROUND(I27,0) -> 0 | K27: =+J27*E27 -> 0
C28: CREMA DENTAL | D28: 100 ml | E28: 1 | H28: 5490 | J28: =ROUND(I28,0) -> 0 | K28: =+J28*E28 -> 0
B29: Kit 3 - Niñas de 10 a 17 años | C29: DESODORANTE EN ROLL ON | D29: 50ml | E29: 1 | H29: 13549 | J29: =ROUND(I29,0) -> 0 | K29: =+J29*E29 -> 0
B30: y mujeres de 18 años en | C30: TALCO PARA PIES | D30: 85 grs | E30: 1 | H30: 14399 | J30: =ROUND(I30,0) -> 0 | K30: =+J30*E30 -> 0
B31: adelante | C31: ROLLO DE PAPEL HIGIÉNICO | D31: Hoja doble x 36 mts | E31: 2 | H31: 4310 | J31: =ROUND(I31,0) -> 0 | K31: =+J31*E31 -> 0
C32: TOALLAS HIGIÉNICAS | D32: Paquete 10 unidades. Flujo normal en tela. | E32: 1 | H32: 8790 | J32: =ROUND(I32,0) -> 0 | K32: =+J32*E32 -> 0
C33: PEINILLA GRANDE PARA EL CABELLO | D33: Unidad | E33: 1 | H33: 4334 | J33: =ROUND(I33,0) -> 0 | K33: =+J33*E33 -> 0
C34: MASCARILLA DESECHABLE FABRICADO CON TEJIDO DE POLIPROPILENO 3 CAPAS, CON GOMA O CAUCHO PARA SUJETAR DETRÁS DE LA OREJA. | D34: Unidad | E34: 3 | H34: 1597 | J34: =ROUND(I34,0) -> 0 | K34: =+J34*E34 -> 0
C35: SHAMPOO | D35: 100 ml | E35: 1 | F35: 81845 | G35: =ROUND(SUM(K35:K43),0) -> 0 | H35: 16026 | J35: =ROUND(I35,0) -> 0 | K35: =+J35*E35 -> 0
C36: BARRA DE JABÓN PARA BAÑO | D36: Entre 120grs y 130 grs | E36: 1 | H36: 7057 | J36: =ROUND(I36,0) -> 0 | K36: =+J36*E36 -> 0
C37: CEPILLO DE DIENTES PARA PERSONA ADULTA | D37: Unidad – Cerda suave | E37: 1 | H37: 5116 | J37: =ROUND(I37,0) -> 0 | K37: =+J37*E37 -> 0
B38: Kit 4 - Niños de 10 a 17 años | C38: CREMA DENTAL | D38: 100 ml | E38: 1 | H38: 7285 | J38: =ROUND(I38,0) -> 0 | K38: =+J38*E38 -> 0
B39: y hombres hasta 17 años | C39: DESODORANTE EN ROLL ON | D39: 50 ml | E39: 1 | H39: 14112 | J39: =ROUND(I39,0) -> 0 | K39: =+J39*E39 -> 0
C40: TALCO PARA PIES | D40: 85 grs | E40: 1 | H40: 14504 | J40: =ROUND(I40,0) -> 0 | K40: =+J40*E40 -> 0
C41: ROLLO DE PAPEL HIGIÉNICO | D41: Hoja doble x 36 A 40 mts | E41: 2 | H41: 4310 | J41: =ROUND(I41,0) -> 0 | K41: =+J41*E41 -> 0
C42: PEINILLA GRANDE PARA EL CABELLO | D42: Unidad | E42: 1 | H42: 4334 | J42: =ROUND(I42,0) -> 0 | K42: =+J42*E42 -> 0
C43: MASCARILLA DESECHABLE FABRICADO CON TEJIDO DE POLIPROPILENO 3 CAPAS, CON GOMA PARA SUJETAR DETRÁS DE LA OREJA. | D43: Unidad | E43: 3 | H43: 1597 | J43: =ROUND(I43,0) -> 0 | K43: =+J43*E43 -> 0

Sheet 2. HIGIENTE Y ASEO A DEMANDA
B3: SECRETARIA DISTRITAL DE LA MUJER
B4: ANEXO OFERTA ECONÓMICA - HOJA 2. ELEMENTOS HIGIENTE Y ASEO A DEMANDA
B6: Elementos Entregables por Demanda
B7: ELEMENTO | C7: PRESENTACIÓN | D7: CANTIDAD | E7: COSTO UNITARIO MÁXIMO | F7: COSTO UNITARIO OFERTADO | G7: COSTO UNITARIO REDONDEADO | H7: TOTAL
B8: CREMA DENTAL - TUBO 100 ML | C8: Tubo de 100ml, con flúor y calcio, protección anti-caries y sarro, sabor menta suave | D8: 15 | E8: 5490 | G8: =ROUND(F8,0) -> 0 | H8: =ROUND((G8*D8),0) -> 0
B9: CREMA DENTAL KIDS SIN FLUOR, NI COLORANTES, NI CONSERVANTES (NIÑAS-OS DE 0 A 2 AÑOS) | C9: Presentación de 70 a 80 gramos | D9: 10 | E9: 9268 | G9: =ROUND(F9,0) -> 0 | H9: =ROUND((G9*D9),0) -> 0
B10: CREMA DENTAL CON FLUOR | C10: Presentación de 70 a 100 gramos | D10: 10 | E10: 10531 | G10: =ROUND(F10,0) -> 0 | H10: =ROUND((G10*D10),0) -> 0
B11: SEDA DENTAL 25M | C11: Sin cera | D11: 15 | E11: 10542 | G11: =ROUND(F11,0) -> 0 | H11: =ROUND((G11*D11),0) -> 0
B12: JABÓN DE TOCADOR - BARRA (Entre 120 grs y 130 grs) | C12: Pasta combinada de un álcali con los ácidos del aceite u otro cuerpo graso, soluble en el agua, propiedades detersorias, cáustico, de olor fuerte y característico, ligeramente soluble en agua y mucho en alcohol. Peso mínimo 120 gramos, desinfectante de manos y piel, presentación en barra. | D12: 30 | E12: 7621 | G12: =ROUND(F12,0) -> 0 | H12: =ROUND((G12*D12),0) -> 0
B13: PAPEL HIGIÉNICO BLANCO -DOBLE HOJA X 24 ROLLOS x 36 y 40 METROS | C13: Rollo con longitud mínima de 36 y 40 metros Doble hoja blanca, Sin olor ni fragancia | D13: 2 | E13: 38366 | G13: =ROUND(F13,0) -> 0 | H13: =ROUND((G13*D13),0) -> 0
B14: DESODORANTE ROLLON 50 ML | C14: Barra antitranspirante de 50 ML | D14: 20 | E14: 14446 | G14: =ROUND(F14,0) -> 0 | H14: =ROUND((G14*D14),0) -> 0
B15: SHAMPOO | C15: Frasco 100 ml | D15: 36 | E15: 16026 | G15: =ROUND(F15,0) -> 0 | H15: =ROUND((G15*D15),0) -> 0
B16: ACONDICIONADOR | C16: Frasco 100 ml | D16: 36 | E16: 12560 | G16: =ROUND(F16,0) -> 0 | H16: =ROUND((G16*D16),0) -> 0
B17: TOALLAS HIGIÉNICAS PAQUETES X 10 UNDS | C17: Paquete x 10 para ser entregado a la mujer acogida cuando se requiera | D17: 20 | E17: 8790 | G17: =ROUND(F17,0) -> 0 | H17: =ROUND((G17*D17),0) -> 0
B18: TOALLAS HIGIÉNICAS - MATERNIDAD- PAQUETE X 10 UNDS | C18: Paquete x 10 para ser entregado a la mujer acogida cuando se requiera | D18: 10 | E18: 15186 | G18: =ROUND(F18,0) -> 0 | H18: =ROUND((G18*D18),0) -> 0
B19: SHAMPOO PARA BEBE 1OO ML | C19: Para lavar cabellos delicados. | D19: 10 | E19: 12262 | G19: =ROUND(F19,0) -> 0 | H19: =ROUND((G19*D19),0) -> 0
... B31: PAQUETE DE PAÑAL PARA ADULTO TALLA L | C31: 10 unidades | D31: 1 | E31: 85169 | G31: =ROUND(F31,0) -> 0 | H31: =ROUND((G31*D31),0) -> 0
B32: TOTAL KITS HIGIENE ENTREGABLES POR DEMANDA | H32: =SUM(H8:H31) -> 0

Sheet 3. VESTUARIO A DEMANDA
B3: SECRETARIA DISTRITAL DE LA MUJER
B4: ANEXO OFERTA ECONÓMICA - HOJA 3. VESTUARIO A DEMANDA
B6: Elementos Entregables por Demanda
B7: NECESIDAD | C7: ESPECIFICACIONES | D7: CANTIDAD | E7: COSTO UNITARIO MÁXIMO | F7: COSTO UNITARIO OFERTADO | G7: COSTO UNITARIO REDONDEADO | H7: TOTAL
B8: PANTIES | C8: Mujer Adulta: Tallas S, M, L, XL, XXL. | D8: 1 | E8: 34777 | G8: =ROUND(F8,0) -> 0 | H8: =ROUND((G8*D8),0) -> 0
B9: BRASSIER | C9: Mujer Adulta: Tallas S, M, L, XL, XXL. | D9: 1 | E9: 59967 | G9: =ROUND(F9,0) -> 0 | H9: =ROUND((G9*D9),0) -> 0
B10: PAR DE MEDIAS | C10: Mujer Adulta: Tallas S, M, L, XL, XXL. | D10: 1 | E10: 21196 | G10: =ROUND(F10,0) -> 0 | H10: =ROUND((G10*D10),0) -> 0
B11: PANTIES MATERNOS | C11: Mujer Embarazada: S, M, L, XL, XXL. | D11: 1 | E11: 53441 | G11: =ROUND(F11,0) -> 0 | H11: =ROUND((G11*D11),0) -> 0
B12: BRASSIER MATERNO | C12: Mujer Embarazada: S, M, L, XL, XXL. | D12: 1 | E12: 71946 | G12: =ROUND(F12,0) -> 0 | H12: =ROUND((G12*D12),0) -> 0
B13: PAR DE MEDIAS | C13: Mujer Embarazada: S, M, L, XL, XXL. | D13: 1 | E13: 26140 | G13: =ROUND(F13,0) -> 0 | H13: =ROUND((G13*D13),0) -> 0
B14: PANTIES | C14: Niña: Tallas 2, 4, 6, 8, 12, 14, 16. | D14: 1 | E14: 21974 | G14: =ROUND(F14,0) -> 0 | H14: =ROUND((G14*D14),0) -> 0
B15: TOP O ACOSTUMBRADOR | C15: Niña: Tallas 2, 4, 6, 8, 12, 14, 16. | D15: 1 | E15: 20151 | G15: =ROUND(F15,0) -> 0 | H15: =ROUND((G15*D15),0) -> 0
B16: PAR DE MEDIAS | C16: Niña: Tallas 2, 4, 6, 8, 12, 14, 16. | D16: 1 | E16: 18250 | G16: =ROUND(F16,0) -> 0 | H16: =ROUND((G16*D16),0) -> 0
B17: BÓXER O CALZONCILLOS | C17: Niño: Tallas 2, 4, 6, 8, 12, 14, 16. | D17: 1 | E17: 20104 | G17: =ROUND(F17,0) -> 0 | H17: =ROUND((G17*D17),0) -> 0
B18: PAR DE MEDIAS | C18: Niño: Tallas 2, 4, 6, 8, 12, 14, 16. | D18: 1 | E18: 18259 | G18: =ROUND(F18,0) -> 0 | H18: =ROUND((G18*D18),0) -> 0
B19: PRIMERA MUDA (APLICA SOLO PARA BEBES NACIDOS DURANTE EL PROCESO) | C19: Bebes: 0 | D19: 1 | E19: 116844 | G19: =ROUND(F19,0) -> 0 | H19: =ROUND((G19*D19),0) -> 0
... B21: SET 2 PARES DE MEDIAS | C21: Bebes: 0-3, 3-6, 6-12, 12-18 Meses | D21: 1 | E21: 24590 | G21: =ROUND(F21,0) -> 0 | H21: =ROUND((G21*D21),0) -> 0
B22: TOTAL VESTUARIO ENTREGABLE POR DEMANDA | H22: =SUM(H8:H21) -> 0

Sheet 4. DOTACIÓN
B3: SECRETARIA DISTRITAL DE LA MUJER
B4: ANEXO OFERTA ECONÓMICA - HOJA 4. DOTACIÓN
B6: Elementos de Dotación
B7: NECESIDAD | C7: ESPECIFICACIONES | D7: CANTIDAD | E7: COSTO UNITARIO MÁXIMO | F7: COSTO UNITARIO OFERTADO | G7: COSTO UNITARIO REDONDEADO | H7: TOTAL
B8: Requisitos de las áreas y/o espacios de atención
B9: SILLA ÁREA DE INGRESO | D9: 4 | E9: 298000 | G9: =ROUND(F9,0) -> 0 | H9: =ROUND((G9*D9),0) -> 0
B10: ESCRITORIO ÁREA DE INGRESO | D10: 1 | E10: 990000 | G10: =ROUND(F10,0) -> 0 | H10: =ROUND((G10*D10),0) -> 0
B11: MESA ÁREA COMEDOR | D11: 1 | E11: 890000 | G11: =ROUND(F11,0) -> 0 | H11: =ROUND((G11*D11),0) -> 0
B12: SILLA ÁREA COMEDOR | D12: 1 | E12: 190000 | G12: =ROUND(F12,0) -> 0 | H12: =ROUND((G12*D12),0) -> 0
B13: LAVADORA ELÉCTRICA (CAPACIDAD 20 LIBRAS) | D13: 2 | E13: 3500000 | G13: =ROUND(F13,0) -> 0 | H13: =ROUND((G13*D13),0) -> 0
B14: SECADORA (CAPACIDAD 20 LIBRAS) | D14: 2 | E14: 3800000 | G14: =ROUND(F14,0) -> 0 | H14: =ROUND((G14*D14),0) -> 0
B15: CUNA - ÁREA DE DORMITORIOS | D15: 1 | E15: 900000 | G15: =ROUND(F15,0) -> 0 | H15: =ROUND((G15*D15),0) -> 0
B16: CAMA DOBLE - ÁREA DE DORMITORIOS | D16: 1 | E16: 1700000 | G16: =ROUND(F16,0) -> 0 | H16: =ROUND((G16*D16),0) -> 0
B17: CAMA SENCILLA O CAMAROTE (90 CM DE ANCHO POR 1.90 CM LARGO) - ÁREA DE DORMITORIOS | D17: 1 | E17: 1900000 | G17: =ROUND(F17,0) -> 0 | H17: =ROUND((G17*D17),0) -> 0
B18: CLOSET, GUARDARROPA, ARMARIO O LOCKER - ÁREA DE DORMITORIOS | D18: 1 | E18: 1400000 | G18: =ROUND(F18,0) -> 0 | H18: =ROUND((G18*D18),0) -> 0
B19: COMPUTADOR (Incluido paquete office) - ÁREA PARA ORIENTACIÓN PSICOSOCIAL Y ASESORÍA JURÍDICA Y ADMINISTRACIÓN | D19: 6 | E19: 3500000 | G19: =ROUND(F19,0) -> 0 | H19: =ROUND((G19*D19),0) -> 0
B20: TELÉFONO ÁREA PARA ORIENTACIÓN PSICOSOCIAL Y ASESORÍA JURÍDICA Y ADMINISTRACIÓN | D20: 1 | E20: 1700000 | G20: =ROUND(F20,0) -> 0 | H20: =ROUND((G20*D20),0) -> 0
B21: IMPRESORA - ÁREA PARA ORIENTACIÓN PSICOSOCIAL Y ASESORÍA JURÍDICA Y ADMINISTRACIÓN | D21: 2 | E21: 1600000 | G21: =ROUND(F21,0) -> 0 | H21: =ROUND((G21*D21),0) -> 0
B22: GRAMERA DE ALIMENTOS O COCINA | C22: Tipo: clase III (se refiere a la capacidad o exactitud media de un instrumento, de acercarse al valor de la magnitud real). Unidad de medida: gramos (g). División de escala: 1 g. Capacidad mínima: 10 g a 20 g. Capacidad máxima: 1000 g – 3000 g Debe contar con función de TARA/TARE. Digital y uso de baterías recargables. Material: superficie de pesaje en acero inoxidable. Limpieza: Se debe poder limpiar y desinfectar con todos los agentes de limpieza de uso comercial. Garantía de mínimo tres años. Debe tener un empaque que facilite su almacenamiento y transporte, que garanticen las condiciones necesarias para mantener la calibración. Certificado de calibración inicial (certificación del fabricante) y registro de verificaciones realizadas. | D22: 1 | E22: 1300000 | G22: =ROUND(F22,0) -> 0 | H22: =ROUND((G22*D22),0) -> 0
B23: BÁSCULA DE RECEPCIÓN DE MATERIAS PRIMAS | C23: Electrónica Pantalla LED Función de TARA/TARE División mínima: 5 g (0 a 8 Kg) o 10 g (8 a 40 Kg) Capacidad máxima: 40 Kg Dimensiones: 35,8 x 35,5 x 14,2 cm Dimensiones plato: 35 x 29 cm Material: plástico y acero. | D23: 1 | E23: 550000 | G23: =ROUND(F23,0) -> 0 | H23: =ROUND((G23*D23),0) -> 0
B24: CUCHARAS / TAZAS MEDIDORAS | C24: Set de cuatro (4) cucharas o tazas medidoras: - 1 taza 1/4 capacidad 60 ml - 1 taza 1/3 capacidad 80 ml - 1 taza 1/2 capacidad 125 ml - 1 taza capacidad 250 ml Material: acero inoxidable. | D24: 2 | E24: 98000 | G24: =ROUND(F24,0) -> 0 | H24: =ROUND((G24*D24),0) -> 0
B25: TERMÓMETRO DIGITAL DE | C25: Son los termómetros usados para las mediciones rutinarias en el servicio de alimentos: - - - Tipo: Bimetálico de punzón, con cubierta de acero inoxidable. - - Capacidad: Para realizar mediciones de temperatura entre -20ºC a 120ºC. - - Resolución o división de escala: 0,1 ºC. - - Unidad de medida: Grados Celsius (ºC). - - Calibración inicial: (certificado del fabricante) | D25: 2 | E25: 98000 | G25: =ROUND(F25,0) -> 0 | H25: =ROUND((G25*D25),0) -> 0
B26: TOTAL ELEMENTOS DE DOTACIÓN | H26: =SUM(H8:H25) -> 0

Sheet 5. GESTIÓN DOCUMENTAL
B3: SECRETARIA DISTRITAL DE LA MUJER
B4: ANEXO OFERTA ECONÓMICA - HOJA 5. GESTIÓN DOCUMENTAL
B6: Gestión documental
B7: NECESIDAD | C7: ESPECIFICACIONES | D7: CANTIDAD | E7: COSTO UNITARIO MÁXIMO | F7: COSTO UNITARIO OFERTADO | G7: COSTO UNITARIO REDONDEADO | H7: TOTAL
B8: Resma de papel carta | C8: - Resma por 500 hojas - Color blanco - 21.6 c 27.9 cm. 75 gr. | D8: 2 | E8: 25456 | G8: =ROUND(F8,0) -> 0 | H8: =ROUND((G8*D8),0) -> 0
B9: Carpetas desacificadas | C9: - Carpetas desacificadas - Color blanco - Sin gancho *Tener en cuenta las características establecidas por Gestión Documental. | D9: 8 | E9: 6466 | G9: =ROUND(F9,0) -> 0 | H9: =ROUND((G9*D9),0) -> 0
B10: Caja de cartón para archivo | C10: - Cartón Corrugado Kraft Single Face, Calibre: 540, 620, 720, 790. | D10: 2 | E10: 9218 | G10: =ROUND(F10,0) -> 0 | H10: =ROUND((G10*D10),0) -> 0
B11: Bolsa con Cierre Hermético Paquete X 100 | C11: - Bolsa tipo Ziploc o con Zipper - Transparente y apta para almacenamiento de documentos - Elaboradas en Polietileno de baja densidad - Tamaño extra oficio | D11: 1 | E11: 82446 | G11: =ROUND(F11,0) -> 0 | H11: =ROUND((G11*D11),0) -> 0
B12: TOTAL GESTIÓN DOCUMENTAL | H12: =SUM(H8:H11) -> 0
